 Dungeon Crawl Stone Soup version 0.28-a0-1080-g05a166d0ed (webtiles) character file.

Game seed: 3016518104544868803

698 ragingrage the Basher (level 7, -7/40 HPs)
             Began as a Gargoyle Warper on Dec 9, 2021.
             Was an Initiate of Okawaru.
             Mangled by an ogre (9 damage)
             ... on level 5 of the Dungeon on Dec 10, 2021.
             The game lasted 00:05:36 (6545 turns).

ragingrage the Basher (Gargoyle Warper)             Turns: 6545, Time: 00:05:36

Health: -7/40      AC:  9    Str: 14    XL:     7   Next: 65%
Magic:  10/10      EV: 11    Int: 14    God:    Okawaru [......]
Gold:   162        SH:  0    Dex: 11    Spells: 10/10 levels left

rFire   . . .      SeeInvis .   a - +0 morningstar
rCold   . . .      Faith    .   (no shield)
rNeg    + . .      Spirit   .   b - +0 leather armour
rPois   ∞          Reflect  .   (no helmet)
rElec   +          Harm     .   (no cloak)
rCorr   .          Rampage  .   e - +0 pair of gloves
Will    .....                   (no boots)
Stlth   +.........              (no amulet)
HPRegen 0.13/turn               (no ring)
MPRegen 0.12/turn               (no ring)

@: no status effects
A: sickness immunity, AC +4, negative energy resistance 1, electricity
resistance, torment resistance 1, petrification resistance
a: Renounce Religion


You were on level 5 of the Dungeon.
You worshipped Okawaru.
Okawaru was noncommittal.
You visited 2 branches of the dungeon, and saw 6 of its levels.

You collected 162 gold pieces.

Inventory:

Hand Weapons
 a - a +0 morningstar (weapon)
 m - a +0 arbalest
Missiles
 d - 3 boomerangs of dispersal (quivered)
 g - 5 boomerangs
Armour
 b - a +0 leather armour (worn)
 e - a +0 pair of gloves (worn)
Jewellery
 r - a ring of wizardry
Wands
 f - a wand of mindburst (10)
Scrolls
 c - 2 scrolls of blinking
 h - a scroll of teleportation
 l - 2 scrolls of summoning
 n - a scroll of immolation
 o - a scroll of amnesia {unknown}
 p - 3 scrolls of identify {unknown}
 s - a scroll of acquirement {unknown}
 t - a scroll of enchant weapon {unknown}
Potions
 i - a potion of brilliance {unknown}
 j - 2 potions of heal wounds {unknown}
 k - a potion of berserk rage {unknown}
 q - a potion of invisibility {unknown}


   Skills:
 - Level 2.1 Fighting
 * Level 8.4 Maces & Flails
 - Level 0.8 Throwing
 - Level 1.1 Armour
 - Level 1.5 Dodging
 - Level 2.0 Spellcasting
 - Level 2.6 Translocations


You had 10 spell levels left.
You didn't know any spells.
Your spell library contained the following spells:

 Spells                   Type           Power      Damage    Failure   Level
 Blink                    Tloc           16%        N/A       14%         2
 Gell's Gravitas          Tloc           8%         N/A       28%         3
 Lesser Beckoning         Tloc           8%         N/A       28%         3
 Teleport Other           Tloc           8%         N/A       28%         3
 Manifold Assault         Tloc           8%         N/A       95%         5


Dungeon Overview and Level Annotations

Branches:
Dungeon (5/15)             Temple (1/1) D:5

Altars:
Dithmenos
Fedhas
Kikubaaqudgha
Okawaru
Trog
Uskayaw
Yredelemnul
Zin
The Shining One

Shops:
D:4 *

Annotations:
D:2 Terence
D:4 2 transporters, ytrimaz's ghost, novice FoFi


Innate Abilities, Weirdness & Mutations

You are immune to sickness and miasma.
Your stone body is resilient. (AC +4)
You are immune to poison.
You resist negative energy. (rN+)
You are resistant to electric shocks. (rElec)
You are resistant to unholy torment.
You are immune to petrification.


Message History

A water moccasin is nearby!
A water moccasin is nearby!
A water moccasin is nearby!
Aiming: Mindburst
Press: ? - help, Shift-Dir - straight line, f - water moccasin
Aim: a water moccasin (wandering, hasn't noticed you, chance to affect: 65%)
The water moccasin's mind is blasted!!
You hear a shout!
The water moccasin closely misses you.
You hit the water moccasin.
The water moccasin is almost dead.
An ogre comes into view. It is wielding a +0 giant spiked club.
The water moccasin barely misses you.
You barely miss the water moccasin.
The water moccasin is almost dead.
The water moccasin bites you but does no damage.
The water moccasin bites you.
You barely miss the water moccasin.
The water moccasin is almost dead.
The water moccasin barely misses you.
You hit the water moccasin but do no damage.
The water moccasin is almost dead.
The water moccasin barely misses you. The ogre misses you.
The water moccasin closely misses you.
You puncture the water moccasin!
You kill the water moccasin!
Okawaru accepts your kill.
The ogre hits you with a +0 giant spiked club!
You completely miss the ogre.
The ogre hits you with a +0 giant spiked club!!
Ouch! That really hurt!
* * * LOW HITPOINT WARNING * * *
You see here a water moccasin corpse.
Throw: 4 boomerangs (disperse)
Press: ? - help, Q - select action, (/) - cycle Shift-Dir - straight line, f - ogre
Aim: an ogre, wielding a +0 giant spiked club (72% to hit)
You throw a boomerang of dispersal.
The boomerang of dispersal hits the ogre but does no damage.
The ogre hits you with a +0 giant spiked club!
You die...

.......<......#####..#######..
.S...#...$.....#.##...........
... ##..##.###..........####.
# ##.# # ##.##(####.# . ...
#†##.# #.# . ##.# ##.##.# #.#
#.###.###.####.####. #..O##
#...)...)... ##@##
####)#.#.### ........# #...#.#
...###..# #.###.# #..#
##...[.## ...#######.......##
##.##........####... #.
#.######.# ### .# #.######.#
## .........# ##.


You could see an ogre.

Vanquished Creatures
  A water moccasin (D:5)
  A sky beast (D:5)
  A black bear (D:4)
  A centaur (D:5)
  A bullfrog zombie (D:5)
  A jelly (D:4)
  2 iguanas
  2 orc wizards
  A hound skeleton (D:4)
  3 adders
  An ufetubus (D:5)
  2 worms (D:2)
  4 dart slugs
  15 orcs
  11 endoplasms
  4 giant cockroaches
  7 goblins
  7 hobgoblins
  8 jackals
  6 kobolds
  3 quokkas
  8 ball pythons
  5 bats
  A frilled lizard (D:2)
  6 rats
102 creatures vanquished.

Vanquished Creatures (collateral kills)
  A hobgoblin (D:2)
1 creature vanquished.

Grand Total: 103 creatures vanquished

Notes
Turn   | Place    | Note
-------+----------+-------------------------------------------
     0 | D:1      | ragingrage the Gargoyle Warper began the quest for the Orb.
     0 | D:1      | Reached XP level 1. HP: 12/12 MP: 3/3
   278 | D:1      | Reached XP level 2. HP: 16/17 MP: 5/5
   401 | D:1      | Reached skill level 3 in Maces & Flails
   408 | D:1      | Found a faded altar of an unknown god.
   648 | D:1      | Reached XP level 3. HP: 7/21 MP: 6/6
  1551 | D:2      | Reached skill level 4 in Maces & Flails
  1608 | D:2      | Noticed Terence
  1815 | D:3      | Reached XP level 4. HP: 26/26 MP: 7/7
  3489 | D:4      | Reached skill level 5 in Maces & Flails
  3489 | D:4      | Reached XP level 5. HP: 20/30 MP: 8/8
  3593 | D:4      | Noticed ytrimaz's ghost (novice FoFi)
  3602 | D:4      | Found a transporter.
  3617 | D:4      | Found a transporter.
  4558 | D:4      | Noticed a black bear
  4561 | D:4      | Killed a black bear
  4562 | D:4      | Reached skill level 6 in Maces & Flails
  4562 | D:4      | Reached XP level 6. HP: 35/35 MP: 9/9
  4828 | D:4      | Found Gokod's Fire Supplies.
  5303 | D:5      | Entered Level 5 of the Dungeon
  5303 | D:5      | Noticed a water moccasin
  5525 | D:5      | Noticed a sky beast
  5595 | D:5      | Killed a sky beast
  5596 | D:5      | Reached skill level 7 in Maces & Flails
  5719 | D:5      | Found a staircase to the Ecumenical Temple.
  5735 | D:5      | Reached XP level 7. HP: 33/40 MP: 10/10
  5795 | Temple   | Entered the Ecumenical Temple
  5878 | Temple   | Became a worshipper of Warmaster Okawaru
  6441 | D:5      | Found a hide-covered altar of Uskayaw.
  6463 | D:5      | Reached skill level 8 in Maces & Flails
  6539 | D:5      | HP: 1/40 [ogre (24)]
  6545 | D:5      | Mangled by an ogre

Illustrated notes

Levels and vault maps discovered:
D:1:      nzn_arrival_water_spiral, layout_basic,
          ebering_ecumenical_altar_sacrificial
D:2:      layout_loops_ring, uniq_terence
D:3:      layout_basic
D:4:      layout_basic, gammafunk_ghost_arena, minmay_misc_feat_plants,
          nicolae_shop_fire_sale [nicolae_sub_dead_trees]
D:5:      layout_loops_ring, amcnicky_altar_gilded,
          minmay_temple_entry_junction_2
Temple:   regret_index_temple_sphere_string

Skill      XL: |  1  2  3  4  5  6  7 |
---------------+----------------------+-----
Maces & Flails | 3 4 5 6 7 8 |  8.4
Fighting       | |  2.1
Throwing       | |  0.8
Armour         | |  1.1
Dodging        | |  1.5
Spellcasting   | |  2.0
Translocations | |  2.6

Action                   |  1- 3 |  4- 6 |  7- 9 || total
-------------------------+-------+-------+-------++-------
Melee: Mace              |   124 |   223 |    52 ||   399
       Morningstar       |       |       |    15 ||    15
Throw: Boomerang         |       |     3 |     1 ||     4
Evoke: Wand              |       |     3 |     1 ||     4
  Use: Scroll            |     1 |     4 |       ||     5
       Potion            |       |     1 |       ||     1
Armor: Leather armour    |    63 |   116 |    49 ||   228
Dodge: Dodged            |    96 |   128 |    66 ||   290

Table legend: (Time is in decaauts)
 A = Elapsed time spent in this place.
 B = Non-inter-level travel time spent in this place.
 C = Inter-level travel time spent in this place.
 D = Time resting spent in this place.
 E = Time spent auto-exploring this place.
 F = Levels seen in this place.
 G = Mean time per level.
                   A        B        C        D        E       F      G
               +--------+--------+--------+--------+--------+-----+--------+
         Total |   6613 |   6266 |    347 |   1752 |   3414 |   6 | 1102.2 |
       Dungeon |   6504 |   6183 |    321 |   1752 |   3354 |   5 | 1300.8 |
        Temple |    108 |     82 |     26 |      0 |     60 |   1 |  108.0 |
               +--------+--------+--------+--------+--------+-----+--------+

Top non-repeatable levels by time:
     D:4: 2006 daAuts
     D:1: 1339 daAuts
     D:3: 1337 daAuts
     D:5: 1038 daAuts
     D:2: 783 daAuts
  Temple: 108 daAuts
